 Dungeon Crawl Stone Soup version 0.29.1-2-gbd0b4ee654 (webtiles) character file.

Game seed: 13656298859270412234

197 Peloso the Covered (level 5, -6/46 HPs)
             Began as a Minotaur Fighter on Nov 30, 2022.
             Killed by divine providence
             ... invoked by an orc priest
              (11 damage)
             ... on level 3 of the Dungeon.
             The game lasted 00:04:26 (1793 turns).

Peloso the Covered (Minotaur Fighter)               Turns: 1793, Time: 00:04:26

Health: -6/46      AC: 14    Str: 20    XL:     5   Next: 46%
Magic:  4/4        EV:  9    Int:  5    God:
Gold:   99         SH:  5    Dex: 12    Spells: 4/4 levels left

rFire   + . .      SeeInvis .   a - +1 long sword
rCold   . . .      Faith    .   c - +0 buckler
rNeg    . . .      Spirit   .   b - +0 scale mail
rPois   .          Reflect  .   p - +2 hat
rElec   .          Harm     .   o - +0 cloak
rCorr   .          Rampage  .   (no gloves)
Will    .....                   (no boots)
Stlth   ..........              m - amulet of the acrobat
HPRegen 0.15/turn               f - +4 ring of protection
MPRegen 0.09/turn               r - ring of protection from fire

@: no status effects
A: horns 2, retaliatory headbutt
a: no special abilities


You were on level 3 of the Dungeon.
You visited 1 branch of the dungeon, and saw 3 of its levels.

You collected 99 gold pieces.

Inventory:

Hand Weapons
 a - a +1 long sword (weapon)
Missiles
 n - 2 throwing nets (quivered)
Armour
 b - a +0 scale mail (worn)
 c - a +0 buckler (worn)
 o - a +0 cloak (worn)
 p - a +2 hat (worn)
Jewellery
 f - a +4 ring of protection (left hand)
 m - an amulet of the acrobat (around neck)
 r - a ring of protection from fire (right hand)
Wands
 w - a wand of polymorph (1)
Scrolls
 e - 2 scrolls of teleportation {unknown}
 g - 2 scrolls of blinking {unknown}
 h - 2 scrolls of magic mapping {unknown}
 j - a scroll of enchant weapon
 k - a scroll of brand weapon {unknown}
 l - a scroll of poison {unknown}
 s - a scroll of identify
 t - a scroll of amnesia {unknown}
Potions
 d - 2 potions of might
 i - 3 potions of heal wounds {unknown}
 q - a potion of attraction {unknown}
 u - a potion of curing {unknown}
 v - a potion of invisibility {unknown}


   Skills:
 + Level 3.9 Fighting
 + Level 5.0 Long Blades
 + Level 5.0 Armour
 + Level 1.4 Dodging
 + Level 0.1 Stealth
 + Level 4.1 Shields


You had 4 spell levels left.
You didn't know any spells.
Your spell library contained the following spells:

 Spells                   Type           Power      Damage    Failure   Level
 Gell's Gravitas          Tloc           0%         N/A       99%         3
 Lesser Beckoning         Tloc           0%         N/A       99%         3
 Teleport Other           Tloc           0%         N/A       99%         3


Dungeon Overview and Level Annotations

Branches:
Dungeon (3/15)

Altars:


Innate Abilities, Weirdness & Mutations

You have a pair of horns on your head.
You reflexively headbutt those who attack you in melee.


Message History

You hit the orc wizard. You headbutt the orc wizard!
You kill the orc wizard!
Your Armour skill increases to level 5!
You closely miss the orc. The orc hits you but does no damage.
You closely miss the orc. You headbutt the orc!
You kill the orc!
A goblin comes into view. It is wielding a +0 club.
The orc hits you but does no damage.
Your Long Blades skill increases to level 5!
You slash the orc!
You kill the orc!
You barely miss the goblin. The goblin hits you but does no damage.
You hit the goblin. Your headbutt misses the goblin.
The goblin is severely wounded.
The goblin closely misses you. You furiously retaliate!
You headbutt the goblin!
You kill the goblin!
i - 3 smoky white potions (gained 1)
Items here: )))) [[ †††.
Items here: )))) [[ †††.
Okay, then.
The orc priest calls down the wrath of Beogh upon you.
Beogh smites you!
The orc priest invokes the aid of Beogh against you.
Pain shoots through your body!
* * * LOW HITPOINT WARNING * * *
You slash the orc priest! Your headbutt misses the orc priest.
The orc priest is heavily wounded.
The orc priest hits you but does no damage.
You barely miss the orc priest. You headbutt the orc priest.
The orc priest is almost dead.
The orc priest mumbles some strange prayers to Beogh against you.
Pain shoots through your body!
* * * LOW HITPOINT WARNING * * *
The orc priest hits you but does no damage.
You barely miss the orc priest.
The orc priest is almost dead.
The orc priest calls down the wrath of Beogh upon you.
Beogh smites you!
You die...

### # ..#.# #######.#.#
### ..........# ..# #.#
#.# #)#
#.##############.#
#..............#@#####.
#############....o......
#.########## #.# #.# #
#.# ## #.# .# #.# .# #.#


You could see an orc priest.

Vanquished Creatures
  Ijyb (D:3)
  2 orc wizards (D:3)
  4 adders
  A gnoll (D:1)
  4 dart slugs
  5 orcs (D:3)
  3 ball pythons (D:1)
  An endoplasm (D:1)
  2 giant cockroaches
  4 goblins
  10 hobgoblins
  4 jackals (D:2)
  3 quokkas
  10 bats
  3 frilled lizards
  4 kobolds
  2 rats
63 creatures vanquished.

Vanquished Creatures (others)
  3 plants (D:3)
3 creatures vanquished.

Grand Total: 66 creatures vanquished

Notes
Turn   | Place    | Note
-------+----------+-------------------------------------------
     0 | D:1      | Peloso the Minotaur Fighter began the quest for the Orb.
     0 | D:1      | Reached XP level 1. HP: 19/19 MP: 0/0
   311 | D:1      | Reached XP level 2. HP: 17/27 MP: 1/1
   725 | D:1      | Reached XP level 3. HP: 33/33 MP: 2/2
  1211 | D:2      | Reached XP level 4. HP: 40/40 MP: 3/3
  1271 | D:2      | Found a faded altar of an unknown god.
  1360 | D:2      | Reached skill level 1 in Dodging
  1674 | D:3      | Noticed Ijyb
  1693 | D:3      | Killed Ijyb
  1694 | D:3      | Reached XP level 5. HP: 46/46 MP: 4/4
  1780 | D:3      | Reached skill level 5 in Armour
  1782 | D:3      | Reached skill level 5 in Long Blades
  1793 | D:3      | Killed from afar by an orc priest

Illustrated notes

Levels and vault maps discovered:
D:1:      heliophobic_arrival_ceremonial_halls, layout_basic
D:2:      layout_rooms, shapermc_ecumenical_altar_mp_highgroup
D:3:      layout_loops_ring, dreamdust_princess_bridge, serial_bayou_crossing,
          uniq_ijyb

Skill      XL: |  1  2  3  4  5 |
---------------+----------------+-----
Armour         | 4 5 |  5.0
Long Blades    | 3 4 5 |  5.0
Shields        | 4 |  4.1
Dodging        | 1 |  1.4
Fighting       | |  3.9
Stealth        | |  0.1

Action                   |  1- 3 |  4- 6 || total
-------------------------+-------+-------++-------
Melee: Long sword        |    83 |    74 ||   157
       Headbutt          |    13 |     8 ||    21
  Use: Scroll            |     2 |       ||     2
Armor: Scale mail        |    61 |    28 ||    89
       Skin              |       |    22 ||    22
Dodge: Dodged            |    66 |    32 ||    98
Block: Buckler           |    19 |    13 ||    32
